AoeStats
← Think_mao

Arabia

506438733Analyzed
1v1 RM · 20d ago on Sep 13, 2026· 25m 26s· 2 players
Game mode
Random Map
Map size
Tiny (2 player)
Population
200
Speed
Normal
Resources
Standard
Victory
Conquest
Starting age
Dark Age
Ending age
Imperial Age
RankedLock teamsTeams togetherTeam positionsShared explorationLock speedFull tech treeHidden civsTurbo modeCheats
Victory
Defeat
🇨🇳 Gurjaras · China
1007
+34
🇵🇱 Aztecs · Poland
1030
-17
Think_mao
7:02 Loom
9:16 Feudal Age
10:36 Double-Bit Axe
12:54 Horse Collar
13:32 Fletching
16:08 Wheelbarrow
17:54 Padded Archer Armor
22:23 Castle Age
21:44 Scale Barding Armor
22:54 Bloodlines
22:59 Bodkin Arrow
22:28 Crossbowman
23:15 Thumb Ring
23:51 Bow Saw
latajaca_owca
7:25 Loom
12:25 Feudal Age
12:54 Double-Bit Axe
19:20 Castle Age
22:48 Padded Archer Armor
23:21 Horse Collar
Connection lost

Rejoining the realm…

Still unreachable

The connection could not be restored.

Session expired

The server has moved on; the page needs a fresh start.